 Dungeon Crawl Stone Soup version 0.26.1-2-gb8aa6d0cf2 (webtiles) character file.

Game seed: 7187232281952335519

152 phalm the Digger (level 5, -4/42 HPs)
             Began as a Gargoyle Earth Elementalist on Mar 4, 2021.
             Slain by a killer bee (7 damage)
             ... on level 2 of the Dungeon.
             The game lasted 00:04:49 (1546 turns).

phalm the Digger (Gargoyle Earth Elementalist)      Turns: 1546, Time: 00:04:50

Health: -4/42      AC:  6    Str: 11    XL:     5   Next: 34%
Magic:  1/9        EV: 12    Int: 17    God:
Gold:   15         SH:  0    Dex: 10    Spells: 6/10 levels left

rFire    + . .     SeeInvis .   e - +1 whip (vamp)
rCold    x . .     Faith    .   (no shield)
rNeg     + . .     Spirit   .   f - +0 robe
rPois    ∞         Reflect  .   (no helmet)
rElec    +         Harm     .   (no cloak)
rCorr    .         Rampage  .   (no gloves)
Will     +....                  (no boots)
Stlth    ..........             (no amulet)
HPRegen  0.14/turn              h - ring of fire
MPRegen  0.11/turn              g - ring of willpower

@: berserking, very quick
A: negative energy resistance 1, electricity resistance, unbreathing,
petrification resistance, miasma immunity, AC +4
a: no special abilities


You were on level 2 of the Dungeon.
You visited 1 branch of the dungeon, and saw 2 of its levels.

You collected 15 gold pieces.

Inventory:

Hand Weapons
 e - a +1 vampiric whip (weapon)
Missiles
 b - 68 stones
Armour
 f - a +0 robe (worn)
Jewellery
 g - a ring of willpower (right hand)
 h - a ring of fire (left hand)
Scrolls
 a - 5 scrolls of teleportation {unknown}
 d - 2 scrolls of blinking {unknown}
 i - a scroll of enchant weapon {unknown}
 j - a scroll of enchant armour {unknown}


   Skills:
 - Level 1.5 Dodging
 - Level 2.1 Stealth
 + Level 3.2 Spellcasting
 + Level 2.9 Conjurations
 - Level 0.7 Transmutations
 + Level 5.0 Earth Magic


You had 6 spell levels left.
You knew the following spells:

 Your Spells              Type           Power        Failure   Level
a - Sandblast             Erth           40%          2%          1
b - Stone Arrow           Conj/Erth      32%          10%         3

Your spell library contained the following spells:

 Spells                   Type           Power        Failure   Level
 Passwall                 Tmut/Erth      10%          8%          2
 Petrify                  Tmut/Erth      12%          45%         4
 Lee's Rapid Deconstruct  Erth           10%          52%         5


Dungeon Overview and Level Annotations

Branches:
Dungeon (2/15)

Altars:
Nemelex Xobeh


Innate Abilities, Weirdness & Mutations

You are resistant to torment.
Your stone body is resilient. (AC +4)
You are immune to poison.
You resist negative energy. (rN+)
You are resistant to electric shocks. (rElec)
You can survive without breathing.
You are immune to petrification.
You are immune to miasma.


Message History

Confirm with . or Enter, or press ? or * to list all spells.
You don't have enough magic to cast that spell.
The killer bee stings you. The killer bee barely misses you.
You are too injured to fight recklessly!
You are too injured to fight recklessly!
You are too injured to fight recklessly!
You are too injured to fight recklessly!
You are too injured to fight recklessly!
You are too injured to fight recklessly!
You miss the killer bee. The killer bee stings you.
* * * LOW HITPOINT WARNING * * *
The killer bee closely misses you. The killer bee stings you.
* * * LOW HITPOINT WARNING * * *
It was a potion of berserk rage.
A red film seems to cover your vision as you go berserk!
You feel yourself moving faster!
You feel mighty!
The killer bee stings you but does no damage.
The killer bee stings you!
You die...

#........... #.# #.......... #.#
##......... #.# .......... ...
....... #.# .... #.####
#######.##########.##.#.#
.....<.yyy@.......>...#.# #.###
#####.#.##########.##.#.# ....
#.#........)...##.#.# #.#
##.#.######.##..##.#.# ..# ....#
#.##..##.#.# #.# #÷###
#.##..##.#.###
#.#########.########.##..##......
#...........................#.###
.......................#.##.#.###


You could see 3 killer bees.

Vanquished Creatures
  2 killer bees (D:2)
  2 adders (D:2)
  An ooze (D:1)
  A worm (D:2)
  2 giant cockroaches (D:1)
  7 goblins
  2 hobgoblins
  12 jackals (D:1)
  3 kobolds
  A ball python (D:2)
  A rat (D:2)
34 creatures vanquished.

Notes
Turn   | Place    | Note
-------+----------+-------------------------------------------
     0 | D:1      | phalm the Gargoyle Earth Elementalist began the quest for
                  | the Orb.
     0 | D:1      | Reached XP level 1. HP: 10/10 MP: 3/3
   217 | D:1      | Reached XP level 2. HP: 15/15 MP: 3/5
   258 | D:1      | Reached skill level 1 in Conjurations
   350 | D:1      | Reached skill level 4 in Earth Magic
   632 | D:1      | Found a sparkling altar of Nemelex Xobeh.
   636 | D:1      | Reached XP level 3. HP: 19/19 MP: 6/6
   640 | D:1      | Learned a level 3 spell: Stone Arrow
  1284 | D:2      | Reached XP level 4. HP: 12/24 MP: 5/8
  1543 | D:2      | Reached skill level 5 in Earth Magic
  1543 | D:2      | Reached XP level 5. HP: 16/28 MP: 0/9
  1546 | D:2      | Slain by a killer bee

Illustrated notes

Levels and vault maps discovered:
D:1:      ebering_trefoil_twist, layout_loops_ring, minmay_parallelograms,
          minmay_misc_feat_columns, nemelex_diamond_rough_becter
D:2:      layout_basic

Skill      XL: |  1  2  3  4 |
---------------+-------------+-----
Conjurations   | 1 2 |  2.9
Earth Magic    | 4 5 |  5.0
Spellcasting   | 3 |  3.2
Dodging        | |  1.5
Stealth        | |  2.1
Transmutations | |  0.7

Action                   |  1- 3 |  4- 6 || total
-------------------------+-------+-------++-------
Melee: Unarmed           |     4 |       ||     4
       Whip              |   115 |    18 ||   133
 Cast: Sandblast         |    20 |     5 ||    25
       Stone Arrow       |     1 |     1 ||     2
  Use: Potion            |       |     1 ||     1
 Stab: Sleeping          |     1 |       ||     1
Armor: Robe              |    52 |     6 ||    58
Dodge: Dodged            |    91 |    17 ||   108
